 Dungeon Crawl Stone Soup version 0.17-a0-229-g5ae695d (webtiles) character file.

43390 xeno23 the Destroyer (level 13, -3/115 HPs)
             Began as a Red Draconian Conjurer on Mar 29, 2015.
             Was a High Priest of Vehumet.
             Killed from afar by a frost giant (46 damage)
             ... with a bolt of cold
             ... in an ice cave.
             The game lasted 02:51:18 (18662 turns).

xeno23 the Destroyer (Red Draconian Conjurer)      Turns: 18662, Time: 02:51:19

Health: -3/115     AC: 18    Str: 10    XL:     13   Next: 90%
Magic:  16/39      EV: 16    Int: 22    God:    Vehumet [*****.]
Gold:   460        SH:  0    Dex: 11    Spells: 5 memorised, 12 levels left

rFire  + . .     SeeInvis .     x - +4 rapier (venom)
rCold  . . .     Clarity  +     (armour unavailable)
rNeg   . . .     SustAb   .     (no shield)
rPois  .         Gourm    .     (helmet restricted)
rElec  .         Spirit   .     e - +2 cloak
rCorr  .         Warding  .     g - +2 pair of gloves
rMut   .         Stasis   .     z - +1 pair of boots
MR     .....                    p - amulet of regeneration
Stlth  ++........               H - +2 ring of protection
                                S - ring of magical power

@: short of breath, not resistant to hostile enchantments, unstealthy
A: breathe fire, unfitting armour, clarity, fire resistance 1, cold-blooded, AC
+8
a: Breathe Fire, Renounce Religion


You were in an ice cave.
You worshipped Vehumet.
Vehumet was extremely pleased with you.
You were near starving.

You visited 4 branches of the dungeon, and saw 19 of its levels.
You also visited: Ice Cave.

You collected 970 gold pieces.
You spent 510 gold pieces at shops.

Inventory:

Hand weapons
 i - a +0 blowgun
 x - a +4 rapier of venom (weapon)
 A - a +2 scimitar of holy wrath
Missiles
 y - 54 poisoned needles
 F - 3 silver javelins
 I - 8 curare-tipped needles
 L - 6 needles of sleeping
 U - 4 tomahawks of returning (quivered)
Armour
 e - a +2 cloak (worn)
 g - a +2 pair of gloves (worn)
 z - a +1 pair of boots (worn)
Jewellery
 p - an amulet of regeneration (around neck)
 s - an uncursed amulet of the gourmand
 H - a +2 ring of protection (right hand)
 O - a +2 ring of evasion
 P - an uncursed ring of protection from fire
 S - a ring of magical power (left hand)
Magical devices
 h - a wand of polymorph (9)
 j - a wand of confusion (3)
 K - a wand of fireball (8)
 V - a wand of fire (5)
 X - a wand of lightning (10)
Scrolls
 d - 2 scrolls of identify
 l - 4 scrolls of immolation
 n - 5 scrolls of fog
 o - 2 scrolls of remove curse
 r - 7 scrolls of teleportation
 t - 2 scrolls of magic mapping
 w - 4 scrolls of blinking
 C - 5 scrolls of recharging
 E - 2 scrolls of fear
Potions
 f - a potion of resistance
 k - 5 potions of brilliance
 m - 3 potions of might
 q - 6 potions of restore abilities
 v - 7 potions of curing
 B - 4 potions of invisibility
 G - 2 potions of berserk rage
 J - a potion of cancellation
 Q - 4 potions of heal wounds
 T - a potion of cure mutation
Books
 c - a book of Conjurations

   Spells                             Type                      Level
   a - Magic Dart                     Conjuration                  1
   b - Searing Ray                    Conjuration                  2
   c - Dazzling Spray                 Conjuration/Hexes            3
   d - Fulminant Prism                Conjuration/Hexes            4
   e - Iskenderun's Mystic Blast      Conjuration                  4
   f - Iskenderun's Battlesphere      Conjuration/Charms           5
 M - a Necronomicon {highlevel}

   This book is beyond your current level of understanding.

   Spells                             Type                      Level
   a - Haunt                          Necromancy/Summoning         7
   b - Borgnjor's Revivification      Necromancy                   8
   c - Death's Door                   Charms/Necromancy            8
   d - Necromutation                  Transmutation/Necromancy     8
 W - a book of the Tempests

   Spells                             Type                      Level
   a - Static Discharge               Conjuration/Air              3
   b - Lightning Bolt                 Conjuration/Air              5
   c - Fireball                       Conjuration/Fire             5
   d - Tornado                        Air                          9
   e - Shatter                        Earth                        9
Miscellaneous
 N - a stone of tremors (inert)
Comestibles
 a - 19 fruits
 b - 13 bread rations
 u - 9 meat rations
 D - a slice of pizza
 R - 10 chunks of flesh


   Skills:
 * Level 10.9 Fighting
 * Level 6.1 Short Blades
 * Level 9.9 Dodging
 - Level 1.7 Stealth
 - Level 9.0 Spellcasting
 - Level 13.6 Conjurations
 - Level 5.3 Charms
 * Level 8.6 Fire Magic


You had 12 spell levels left.
You knew the following spells:

 Your Spells              Type           Power        Failure   Level  Hunger
a - Magic Dart            Conj           ####         1%          1    None
c - Iskenderun's Battles  Conj/Chrm      ######..     1%          5    #####..
e - Mephitic Cloud        Conj/Pois/Air  ####....     1%          3    None
f - Fireball              Conj/Fire      ######....   1%          5    #####..
q - Iskenderun's Mystic   Conj           ######..     1%          4    ##.....


Dungeon Overview and Level Annotations

Branches:
Dungeon (9/15)             Temple (1/1) D:5            Lair (8/8) D:9
  Swamp (0/5) Lair:4        Snake (0/5) Lair:4        Slime (0/6) Lair:7
    Orc (1/4) D:9

Altars:
Ashenzari
Cheibriados
Dithmenos
Elyvilon
Fedhas
Gozag
Kikubaaqudgha
Makhleb
Nemelex Xobeh
Okawaru
Qazlal
Ru
Sif Muna
Trog
Vehumet
Xom
Yredelemnul
Zin
The Shining One

Shops:
D:4 ?(   D:6 *


Innate Abilities, Weirdness & Mutations

You can breathe blasts of fire.
Your fiery red scales are hard (AC +8).
Your body does not fit into most forms of armour.
Your flesh is heat resistant.
You are cold-blooded and may be slowed by cold attacks.
You possess an exceptional clarity of mind.


Message History

Casting: Fireball
Confirm with . or Enter, or press ? or * to list all spells.
Aiming: Iskenderun's Mystic Blast
Press: ? - help, Shift-Dir - straight line, f - death yak
Aim: a death yak (severely wounded)
The orb of energy hits the death yak.
The death yak is severely wounded.
The death yak barely misses you.
Casting: Iskenderun's Mystic Blast
Confirm with . or Enter, or press ? or * to list all spells.
Aiming: Iskenderun's Mystic Blast
Press: ? - help, Shift-Dir - straight line, f/p - death yak
Aim: a death yak (severely wounded)
The orb of energy hits the death yak.
You kill the death yak!
Vehumet accepts your kill.
You feel your power returning.
The frost giant gestures at you while chanting.
The bolt of cold hits you!
You die...

## ##.# ###
#...#### ##.##
}$#...†#.#
##.#.#
#...h..#C##
##.#.##
#C.#.## #.####
##.##@# #..#
#####.##
##..##
##..#.##
##....#
#...#..#
#.....##
##.##...#
##..#†..#
#..###⌠.#
#..###..##
#.###..####.##
##..# #..#####
#..# ##.#
###...## ##..#
##.#


You could see a frost giant.

Vanquished Creatures
  A hydra (Lair:7)
  5 death yaks
  An ice statue (IceCv)
  A griffon (Lair:2)
  14 black mambas
  14 spiny frogs
  Psyche (D:8)
  A gargoyle (D:8)
  8 komodo dragons
  A fire drake (Lair:7)
  A troll (D:9)
  Grinder (D:3)
  19 polar bears
  Prince Ribbit (D:5)
  2 slime creatures (Lair:7)
  A boulder beetle (Lair:5)
  A wandering mushroom (D:9)
  13 blink frogs
  A basilisk (Lair:5)
  A deep elf mage (D:9)
  Eustachio (D:7)
  A human (D:7)
  43 yaks
  15 wolves (IceCv)
  7 hippogriffs
  14 water moccasins
  6 orc warriors
  A wasp (D:9)
  8 porcupines
  4 sky beasts
  3 ice beasts
  3 black bears
  An eye of draining (D:9)
  5 ogres
  9 crocodiles
  2 centaurs
  Duvessa (D:5)
  A big kobold (D:8)
  16 giant frogs
  A wyvern zombie (D:8)
  4 scorpions
  4 wights (D:6)
  2 electric eels (Lair:4)
  2 goliath beetles
  Dowan (D:5)
  5 crimson imps
  A giant frog zombie (D:8)
  6 hounds
  A centaur skeleton (D:4)
  8 iguanas
  6 jellies
  A giant frog skeleton (D:4)
  5 orc priests
  9 hell rats
  7 orc wizards
  14 worker ants
  A killer bee zombie (D:8)
  21 sheep
  Jessica (D:2)
  A hound zombie (D:5)
  11 gnolls
  A worker ant zombie (D:8)
  68 river rats
  18 adders
  A giant mite (D:7)
  3 shadow imps
  2 worms
  An adder zombie (D:8)
  10 giant geckos
  2 oozes
  24 orcs
  10 bats
  2 bat skeletons
  17 goblins
  9 hobgoblins
  4 jackals
  3 ball pythons
  8 giant cockroaches
  A giant gecko skeleton (D:6)
  A giant gecko zombie (D:8)
  4 giant newts
  21 kobolds
  14 quokkas
  25 rats
  6 fungi (D:9)
596 creatures vanquished.

Vanquished Creatures (collateral kills)
  A boring beetle (Lair:8)
  A hell rat (Lair:8)
  2 sheep (Lair:8)
  An adder (Lair:8)
5 creatures vanquished.

Vanquished Creatures (others)
  A fire drake (Lair:8)
  A polar bear (IceCv)
  An adder (Lair:8)
3 creatures vanquished.

Grand Total: 604 creatures vanquished

Notes
Turn   | Place    | Note
--------------------------------------------------------------
     0 | D:1      | xeno23, the Draconian Conjurer, began the quest for the Orb.
     0 | D:1      | Reached XP level 1. HP: 14/14 MP: 3/3
   174 | D:1      | Reached XP level 2. HP: 14/20 MP: 4/4
   505 | D:1      | Reached skill level 5 in Conjurations
   505 | D:1      | Reached XP level 3. HP: 24/26 MP: 6/6
  1606 | D:2      | Reached XP level 4. HP: 33/33 MP: 4/7
  1916 | D:2      | Noticed Jessica
  1925 | D:2      | Killed Jessica
  2021 | D:2      | Reached skill level 6 in Conjurations
  2021 | D:2      | Reached XP level 5. HP: 21/38 MP: 2/9
  2304 | D:3      | Reached skill level 7 in Conjurations
  2361 | D:3      | Learned a level 5 spell: Iskenderun's Battlesphere
  2371 | D:3      | Found an ancient bone altar of Kikubaaqudgha.
  2375 | D:3      | Found a bloodstained altar of Trog.
  2376 | D:3      | Found an iron altar of Okawaru.
  2516 | D:3      | Found a deep blue altar of Sif Muna.
  2546 | D:3      | Noticed Grinder
  2591 | D:4      | Found Wixupekh's Magic Scroll Shoppe.
  2598 | D:4      | Reached skill level 1 in Charms
  2598 | D:4      | Reached XP level 6. HP: 37/45 MP: 5/10
  2658 | D:4      | Bought a scroll of teleportation for 39 gold pieces
  2658 | D:4      | Bought a scroll of identify for 26 gold pieces
  2658 | D:4      | Bought a scroll of blinking for 97 gold pieces
  3028 | D:4      | Found Ykla's Weapon Shoppe.
  3374 | D:4      | Your scales start taking on a fiery red colour.
  3374 | D:4      | Gained mutation: Your flesh is heat resistant. [draconian maturity]
  3374 | D:4      | Reached XP level 7. HP: 50/50 MP: 7/12
  3573 | D:4      | Found Akah's Antique Armour Shop.
  3645 | D:3      | Paralysed by Grinder for 2 turns
  3660 | D:3      | Killed Grinder
  3660 | D:3      | Reached skill level 5 in Charms
  3798 | D:5      | Entered Level 5 of the Dungeon
  3801 | D:5      | Noticed Duvessa
  3801 | D:5      | Noticed Dowan
  3814 | D:5      | Killed Duvessa
  3817 | D:5      | Killed Dowan
  3858 | D:5      | Found a shimmering altar of Xom.
  3917 | D:5      | Found a staircase to the Ecumenical Temple.
  3928 | Temple   | Entered the Ecumenical Temple
  4074 | Temple   | Became a worshipper of Vehumet
  4123 | D:5      | Noticed Prince Ribbit
  4130 | D:5      | Killed Prince Ribbit
  4130 | D:5      | Reached skill level 8 in Conjurations
  4130 | D:5      | Reached XP level 8. HP: 57/57 MP: 6/13
  4420 | D:5      | Reached skill level 9 in Conjurations
  4627 | D:5      | Found a shimmering altar of Xom.
  4919 | D:6      | Found Iicsib's Incredible Inventory.
  5244 | D:6      | Acquired Vehumet's first power
  5244 | D:6      | Offered knowledge of Flame Tongue by Vehumet.
  5244 | D:6      | Reached skill level 10 in Conjurations
  5831 | D:7      | Reached XP level 9. HP: 53/62 MP: 14/14
  5849 | D:7      | Learned a level 1 spell: Flame Tongue
  5854 | D:7      | Learned a level 4 spell: Iskenderun's Mystic Blast
  5981 | D:7      | Reached skill level 1 in Fire Magic
  6127 | D:7      | Reached skill level 11 in Conjurations
  6278 | D:7      | Noticed Eustachio
  6288 | D:7      | Killed Eustachio
  6502 | D:7      | Reached skill level 5 in Fire Magic
  6809 | D:7      | Offered knowledge of Freeze by Vehumet.
  7039 | D:7      | Gained mutation: You possess an exceptional clarity of mind. [potion of beneficial mutation]
  7081 | D:8      | Noticed a gargoyle
  7091 | D:8      | Killed a gargoyle
  7091 | D:8      | Reached skill level 12 in Conjurations
  7150 | D:8      | Found a burning altar of Makhleb.
  7283 | D:8      | Reached XP level 10. HP: 64/69 MP: 10/16
  7657 | D:8      | Noticed Psyche
  7665 | D:8      | Killed Psyche
  7981 | D:8      | Found a bloodstained altar of Trog.
  8014 | D:8      | Offered knowledge of Conjure Flame by Vehumet.
  8480 | D:8      | Noticed an Executioner
  8559 | D:9      | Acquired Vehumet's second power
  8567 | D:9      | Reached skill level 1 in Fighting
  8670 | D:9      | Found a staircase to the Lair.
  8768 | D:9      | Paralysed by a wasp for 3 turns
  8812 | D:9      | Noticed a fire crab
  8812 | D:9      | Noticed a centaur warrior
  9047 | D:9      | Offered knowledge of Olgreb's Toxic Radiance by Vehumet.
  9094 | D:9      | Found a staircase to the Orcish Mines.
  9525 | D:9      | Reached skill level 13 in Conjurations
  9725 | Orc:1    | Entered Level 1 of the Orcish Mines
 10130 | D:4      | Bought a +4 rapier of venom for 348 gold pieces
 10479 | Lair:1   | Entered Level 1 of the Lair of Beasts
 10625 | Lair:1   | Reached XP level 11. HP: 65/83 MP: 14/20
 10635 | Lair:1   | Acquired Vehumet's third power
 10985 | Lair:1   | Found a blossoming altar of Fedhas.
 11002 | Lair:1   | Offered knowledge of Mephitic Cloud by Vehumet.
 11061 | Lair:1   | Learned a level 3 spell: Mephitic Cloud
 11703 | Lair:2   | Reached skill level 5 in Fighting
 11971 | Lair:2   | Offered knowledge of Lightning Bolt by Vehumet.
 12144 | Lair:2   | Reached skill level 5 in Dodging
 12854 | Lair:3   | Reached skill level 5 in Spellcasting
 13617 | Lair:4   | Reached XP level 12. HP: 47/100 MP: 11/25
 13753 | Lair:4   | Offered knowledge of Bolt of Draining by Vehumet.
 13754 | Lair:4   | Found a staircase to the Snake Pit.
 14210 | Lair:4   | Found a staircase to the Swamp.
 15303 | Lair:5   | Reached skill level 1 in Short Blades
 16688 | Lair:7   | Found a deep blue altar of Sif Muna.
 16723 | Lair:7   | Offered knowledge of Conjure Ball Lightning by Vehumet.
 16744 | Lair:7   | Reached XP level 13. HP: 80/111 MP: 8/29
 16848 | Lair:7   | Found a staircase to the Slime Pits.
 17248 | Lair:7   | Noticed a four-headed hydra
 17254 | Lair:7   | Killed a four-headed hydra
 17254 | Lair:7   | Reached skill level 10 in Fighting
 17970 | Lair:8   | Entered Level 8 of the Lair of Beasts
 18061 | Lair:8   | Found a frozen archway.
 18064 | IceCv    | Entered an ice cave
 18272 | IceCv    | Reached skill level 5 in Short Blades
 18346 | IceCv    | Offered knowledge of Ozocubu's Refrigeration by Vehumet.
 18514 | IceCv    | Learned a level 5 spell: Fireball
 18651 | IceCv    | Noticed a frost giant
 18662 | IceCv    | Killed from afar by a frost giant

Action                   |  1- 3 |  4- 6 |  7- 9 | 10-12 | 13-15 || total
-------------------------+-------+-------+-------+-------+-------++-------
Melee: Spear             |    68 |       |       |       |       ||    68
       Unarmed           |    12 |       |       |       |       ||    12
       Dagger            |    18 |   124 |   259 |   108 |       ||   509
       Mace              |    15 |       |       |       |       ||    15
       Short sword       |    12 |       |       |    43 |       ||    55
       Falchion          |       |       |    24 |   120 |       ||   144
       Rapier            |       |       |       |   593 |   183 ||   776
       Long sword        |       |       |       |    16 |       ||    16
       Whip              |       |       |       |    15 |       ||    15
       Scimitar          |       |       |       |     1 |       ||     1
 Fire: Blowgun           |       |       |    12 |    10 |       ||    22
Throw: Tomahawk          |       |       |       |     4 |     2 ||     6
       Javelin           |       |       |       |     3 |       ||     3
 Cast: Magic Dart        |    35 |   100 |   171 |   274 |    69 ||   649
       Iskenderun's Myst |       |       |     7 |    63 |    49 ||   119
       Iskenderun's Batt |       |       |     3 |    31 |     8 ||    42
       Flame Tongue      |       |       |     2 |     2 |       ||     4
       Mephitic Cloud    |       |       |       |     8 |       ||     8
       Fireball          |       |       |       |       |    14 ||    14
 Abil: Breathe Fire      |       |       |    12 |    33 |    14 ||    59
Evoke: Wand              |       |       |       |     9 |       ||     9
       Stone of tremors  |       |       |       |       |     1 ||     1
  Use: Scroll            |     4 |     6 |    17 |     7 |     4 ||    38
       Potion            |       |       |     1 |     1 |     2 ||     4
 Stab: Sleeping          |     2 |       |     1 |     1 |       ||     4
       Confused          |       |       |       |     1 |       ||     1
  Eat: Chunk             |     2 |     9 |    21 |    58 |    16 ||   106
       Beef jerky        |       |       |       |     4 |       ||     4
       Fruit             |       |       |       |     2 |       ||     2
       Pizza             |       |       |       |       |     2 ||     2
